 Dungeon Crawl Stone Soup version 0.30-a0-949-g53dc5368d7 (webtiles) character file.

Game seed: 9229109468311176636

10661 bmack86 the Cleaver (level 11, -9/97 HPs)
             Began as a Minotaur Fighter on Mar 28, 2023.
             Was an Elder of Okawaru.
             Mangled by an orc knight
             ... wielding a +0 great sword
              (20 damage)
             ... on level 10 of the Dungeon.
             The game lasted 00:22:52 (8992 turns).

bmack86 the Cleaver (Minotaur Fighter)              Turns: 8992, Time: 00:22:53

Health: -9/97      AC: 20    Str: 24    XL:     11   Next: 39%
Magic:  13/13      EV: 14    Int:  5    God:    Okawaru [****..]
Gold:   511        SH: 12    Dex: 11    Spells: 10/10 levels left

rFire   . . .      SeeInvis .    M - +2 broad axe
rCold   . . .      Faith    .    c - +0 buckler
rNeg    . . .      Spirit   .    J - +0 plate armour
rPois   .          Reflect  +    (helmet restricted)
rElec   +          Rampage  .    k - +0 cloak
rCorr   .                        (no gloves)
Will    .....                    u - +1 pair of boots Stlth
                                 K - amulet of reflection
HPRegen 0.36/turn                t - ring "Tempez" {rElec Slay+4}
MPRegen 0.13/turn                p - +5 ring of evasion

@: heroic
A: horns 2, retaliatory headbutt
a: Renounce Religion, Heroism, Finesse


You were on level 10 of the Dungeon.
You worshipped Okawaru.
Okawaru was greatly pleased with you.
You visited 2 branches of the dungeon, and saw 11 of its levels.
You also visited: Sewer.

You collected 564 gold pieces.
You spent 53 gold pieces at shops.

Inventory:

Hand Weapons
 a - a +1 war axe
 M - a +2 broad axe (weapon)
Missiles
 i - 10 boomerangs (quivered)
 x - 49 poisoned darts
Armour
 b - a +0 scale mail
 c - a +0 buckler (worn)
 k - a +0 cloak (worn)
 s - a +0 chain mail
 u - a +1 pair of boots (worn)
 J - a +0 plate armour (worn)
Jewellery
 o - a ring of poison resistance
 p - a +5 ring of evasion (right hand)
 t - the ring "Tempez" (left hand) {rElec Slay+4}
   (You found it on level 3 of the Dungeon)

   [ring of slaying]

   Slay:      It affects your accuracy & damage with ranged weapons and melee
   (+4).
   rElec:     It insulates you from electricity.
 D - a ring of protection from fire
 K - an amulet of reflection (around neck)
 L - a ring of protection from fire
Wands
 m - a wand of flame (8)
 E - a wand of acid (6)
Scrolls
 e - 3 scrolls of magic mapping
 f - 2 scrolls of immolation
 h - 2 scrolls of teleportation
 l - 3 scrolls of fear
 q - a scroll of summoning
 y - 2 scrolls of poison
 A - 2 scrolls of amnesia
 H - a scroll of fog
Potions
 d - 4 potions of might
 g - 5 potions of flight
 j - 4 potions of curing
 n - 4 potions of haste
 r - a potion of attraction
 v - 2 potions of lignification
 w - 2 potions of heal wounds
 z - 2 potions of ambrosia
 B - a potion of cancellation
 C - a potion of mutation
 F - a potion of brilliance {unknown}
 G - 2 potions of magic
 I - a potion of degeneration {unknown}


   Skills:
 + Level 9.2(14.2) Fighting
 * Level 12.3(17.3) Axes
 + Level 6.9(11.9) Throwing
 + Level 9.3(14.3) Armour
 + Level 9.4(14.4) Shields
 + Level 5.0 Invocations


You had 10 spell levels left.
You didn't know any spells.
Your spell library contained the following spells:

 Spells                   Type           Power      Damage    Failure   Level
 Freeze                   Ice            0%         1d3       99%         1
 Sandblast                Erth           0%         2d4       99%         1
 Passwall                 Tmut/Erth      0%         N/A       100%        2
 Dazzling Flash           Conj/Hex       0%         N/A       100%        3
 Frozen Ramparts          Ice            0%         1d1       100%        3
 Gell's Gravitas          Tloc           0%         N/A       100%        3
 Hailstorm                Conj/Ice       0%         3d3       100%        3
 Stone Arrow              Conj/Erth      0%         3d7       100%        3
 Teleport Other           Tloc           0%         N/A       100%        3
 Iskenderun's Mystic Bla  Conj/Tloc      0%         2d3       100%        4
 Dispersal                Tloc           0%         N/A       100%        6
 Starburst                Conj/Fire      0%         6d3       100%        6
 Storm Form               Tmut/Air       0%         N/A       100%        7
 Maxwell's Capacitive Co  Air            0%         ∞         100%        8
 Summon Lightning Spire   Summ/Air       Unusable   N/A       N/A         4

Dungeon Overview and Level Annotations

Branches:
Dungeon (10/15)            Temple (1/1) D:7           Sewer (visited)
   Lair: D:8-11         Orc: D:9-12

Altars:
Fedhas
Gozag
Hepliaklqana
Makhleb
Nemelex Xobeh
Okawaru
Qazlal
Ru
Trog
Uskayaw
Vehumet
Xom
The Shining One

Shops:
D:1 ?   D:3 =   D:6 =   D:7 *


Innate Abilities, Weirdness & Mutations

You have a pair of horns on your head.
You reflexively headbutt those who attack you in melee.


Message History

The centaur warrior hits you!
The centaur warrior kicks you but does no damage.
The tengu warrior hits you with a +0 great sword!!
The tengu warrior pecks you.
The tengu warrior completely misses you.
The centaur warrior hits you.
The centaur warrior kicks you but does no damage.
The basilisk bites you but does no damage.
The orc knight hits you with a +0 great sword!
The tengu warrior barely misses you. The purple ugly thing engulfs you.
The tengu warrior hits you with a +0 great sword!
* * * LOW HITPOINT WARNING * * *
The tengu warrior pecks you but does no damage.
The tengu warrior claws you.
* * * LOW HITPOINT WARNING * * *
The centaur warrior hits you.
* * * LOW HITPOINT WARNING * * *
The centaur warrior kicks you but does no damage.
The deep elf pyromancer gestures wildly while chanting.
A gargoyle comes into view. It is wielding a +0 dire flail.
The basilisk bites you but does no damage.
The orc knight hits you with a +0 great sword.
The tengu warrior hits you from afar with a +2 glaive of flaming!
* * * LOW HITPOINT WARNING * * *
The tengu warrior burns you.
* * * LOW HITPOINT WARNING * * *
The purple ugly thing engulfs you but does no damage.
You turn to flesh and can move again.
You slice the basilisk!! You headbutt the basilisk!
The basilisk is almost dead.
You barely miss the tengu warrior. You hit the purple ugly thing.
You hit the orc knight. You barely miss the centaur warrior.
You hit something but do no damage. You block the centaur warrior's attack.
The centaur warrior kicks you but does no damage.
The tengu warrior barely misses you. The tengu warrior closely misses you.
The tengu warrior claws you but does no damage.
You block the tengu warrior's attack. Something hits you.
* * * LOW HITPOINT WARNING * * *
The orc knight hits you with a +0 great sword!!
You die...

#.....# #.... .#.
#.....# #.... E9
#.....######.... #.
#...............
#e##...............
#○......######.....
#.####EQ.....#....#..###
.....SQlc....#...|#..'..
$.....u@{....#....#..#..
......o.†....#....#..#..
.............'....#..#..
.########....#....#..#..
#....#....#..#..
#....#....#..#..
#....######..### #......
###.....


You could see an orc knight, a purple ugly thing, a sea snake, 2 tengu warriors,
a centaur warrior, a deep elf pyromancer, a basilisk, 2 fire elementals and a
gargoyle.

Vanquished Creatures
  A two-headed ogre (D:8)
  5 skeletal warriors (D:9)
  An ugly thing (D:10)
  Maggie (D:7)
  A kobold demonologist (D:8)
  A tengu conjurer (D:10)
  An efreet (D:8)
  A hornet (D:9)
  A shadow (D:10)
  A vampire (D:10)
  2 wyverns
  A wraith (D:9)
  4 yaks (D:9)
  3 vampire mosquitoes (D:8)
  A steam dragon (D:9)
  2 water moccasins (D:8)
  3 acid dragons (D:8)
  3 orc warriors
  An ice beast (D:6)
  3 black bears
  An ogre (D:6)
  4 centaurs
  4 kobold brigands
  5 bullfrogs
  3 scorpions
  A gnoll sergeant (D:9)
  8 killer bees (D:9)
  4 howler monkeys (D:7)
  A crimson imp (D:7)
  4 hounds
  2 orc priests (D:9)
  A jelly (D:6)
  4 gnoll boudas
  3 iguanas
  Terence (D:2)
  6 orc wizards
  A sleepcap (D:6)
  Natasha (thrice) (D:2)
  Robin (D:2)
  14 adders
  17 gnolls
  A river rat (Sewer)
  2 white imps (D:7)
  An ufetubus (D:4)
  2 worms
  A dart slug (D:2)
  17 orcs
  7 bats
  4 endoplasms
  A giant cockroach (D:4)
  18 goblins
  7 hobgoblins
  8 jackals
  13 kobolds
  3 quokkas
  4 ball pythons
  5 frilled lizards
  13 rats
232 creatures vanquished.

Vanquished Creatures (others)
  25 plants (Sewer)
25 creatures vanquished.

Grand Total: 257 creatures vanquished

Notes
Turn   | Place    | Note
-------+----------+-------------------------------------------
     0 | D:1      | bmack86 the Minotaur Fighter began the quest for the Orb.
     0 | D:1      | Reached XP level 1. HP: 19/19 MP: 0/0
   201 | D:1      | Reached XP level 2. HP: 19/27 MP: 1/1
   206 | D:1      | Reached skill level 3 in Axes
   296 | D:1      | Found Esag's Magic Scroll Shop.
   372 | D:1      | Bought a scroll of identify for 26 gold pieces
   575 | D:2      | Noticed Robin
   587 | D:2      | Reached XP level 3. HP: 26/33 MP: 2/2
   594 | D:2      | Killed Robin
   768 | D:2      | Reached XP level 4. HP: 40/40 MP: 3/3
   782 | D:2      | Reached skill level 1 in Throwing
   903 | D:2      | Noticed Natasha
   906 | D:2      | Killed Natasha
   907 | D:2      | Reached skill level 4 in Axes
   985 | D:2      | Identified the +0 mace of Butchery {freeze, rElec Int+2}
  1090 | D:2      | Noticed Natasha
  1095 | D:2      | Killed Natasha
  1096 | D:2      | Reached XP level 5. HP: 45/47 MP: 4/4
  1220 | D:2      | Noticed Natasha
  1225 | D:2      | Killed Natasha
  1361 | D:2      | Noticed Terence
  1369 | D:2      | Killed Terence
  1516 | D:3      | Identified the ring "Tempez" {rElec Slay+4}
  1636 | D:3      | Found a faded altar of an unknown god.
  1823 | D:3      | Found Ysinua's Jewellery Shop.
  1941 | D:4      | Reached skill level 5 in Axes
  1941 | D:4      | Reached XP level 6. HP: 29/53 MP: 5/5
  1962 | D:4      | Found a glowing drain.
  1976 | Sewer    | Entered a sewer
  2091 | Sewer    | Reached skill level 5 in Shields
  2169 | Sewer    | Reached skill level 5 in Fighting
  2169 | Sewer    | Reached skill level 5 in Armour
  2420 | Sewer    | Reached XP level 7. HP: 30/61 MP: 6/6
  2904 | D:4      | Reached skill level 6 in Axes
  3330 | D:5      | Entered Level 5 of the Dungeon
  3928 | D:6      | Reached XP level 8. HP: 63/70 MP: 7/7
  3940 | D:6      | Reached skill level 7 in Axes
  4212 | D:6      | Found Asokeeh's Jewellery Shoppe.
  4667 | D:7      | Reached skill level 8 in Axes
  4760 | D:7      | Noticed Maggie
  4775 | D:7      | Killed Maggie
  4795 | D:7      | Found a staircase to the Ecumenical Temple.
  4805 | Temple   | Entered the Ecumenical Temple
  4975 | Temple   | Became a worshipper of Warmaster Okawaru
  5128 | D:7      | Reached XP level 9. HP: 65/78 MP: 8/8
  5306 | D:7      | Reached skill level 1 in Invocations
  5392 | D:7      | Reached skill level 9 in Axes
  5547 | D:7      | Found Qougran's Assorted Antiques.
  5636 | D:7      | Reached * piety under Okawaru
  6061 | D:7      | Bought a fuming green potion for 27 gold pieces
  6189 | D:8      | Reached skill level 5 in Throwing
  6192 | D:8      | Noticed an efreet
  6207 | D:8      | Killed an efreet
  6212 | D:8      | Noticed a kobold demonologist
  6213 | D:8      | Reached skill level 10 in Axes
  6637 | D:8      | Killed a kobold demonologist
  6637 | D:8      | Reached ** piety under Okawaru
  6638 | D:8      | Reached XP level 10. HP: 66/88 MP: 11/11
  7303 | D:8      | Noticed a two-headed ogre
  7308 | D:8      | Killed a two-headed ogre
  7598 | D:9      | Reached *** piety under Okawaru
  7688 | D:9      | Paralysed by a hornet for 1 turns
  7736 | D:9      | Reached skill level 11 in Axes
  7826 | D:9      | Identified the +5 shortbow of Skirmishing {elec, *Corrode
                  | Fly rC++ Str+2 Int-2}
  8117 | D:9      | Found a bloodstained altar of Trog.
  8198 | D:9      | Noticed a skeletal warrior
  8208 | D:9      | Killed a skeletal warrior
  8208 | D:9      | Reached **** piety under Okawaru
  8209 | D:9      | Noticed a skeletal warrior
  8209 | D:9      | Noticed a skeletal warrior
  8209 | D:9      | Noticed a skeletal warrior
  8209 | D:9      | Noticed a skeletal warrior
  8231 | D:9      | Killed a skeletal warrior
  8232 | D:9      | Reached XP level 11. HP: 12/95 MP: 10/13
  8237 | D:9      | Killed a skeletal warrior
  8241 | D:9      | Killed a skeletal warrior
  8242 | D:9      | Reached skill level 12 in Axes
  8255 | D:9      | Killed a skeletal warrior
  8549 | D:9      | Found an opulent altar of Gozag.
  8759 | D:10     | Entered Level 10 of the Dungeon
  8974 | D:10     | Noticed a tengu warrior
  8974 | D:10     | Noticed a white ugly thing
  8978 | D:10     | Noticed a tengu warrior
  8979 | D:10     | Noticed a purple ugly thing
  8979 | D:10     | Noticed a wizard
  8981 | D:10     | Noticed an orc knight
  8981 | D:10     | Noticed a deep elf pyromancer
  8982 | D:10     | Killed a white ugly thing
  8983 | D:10     | Reached skill level 5 in Invocations
  8983 | D:10     | Noticed a centaur warrior
  8987 | D:10     | Noticed a sea snake
  8988 | D:10     | Noticed an ogre mage
  8992 | D:10     | Mangled by an orc knight

Illustrated notes

Levels and vault maps discovered:
D:1:      dpeg_arrival_rooms_a, layout_rooms, serial_shops, shop,
          chequers_serial_rivers_large_a, minmay_pentomino_u4
D:2:      layout_loops_ring, st_stairs_6, roderic_roman_lattice,
          minmay_fractal_squares_gapless_5, uniq_terence, uniq_natasha,
          uniq_robin
D:3:      layout_basic, hellmonk_ecumenical_altar_leap_of_faith, serial_shops,
          nicolae_shop_stone
D:4:      layout_rooms, portal_sewer_entry_b, minmay_misc_feat_cross
D:5:      layout_loops_ring
D:6:      layout_loops_cross, serial_shops, nicolae_shop_hallway_plus
D:7:      layout_gridville, minmay_temple_entry_nine_rooms, serial_shops,
          nicolae_take_the_stairs, hangedman_decor_opposing,
          minmay_fire_ice_demons, uniq_maggie
D:8:      layout_basic, minmay_pinched_square
D:9:      kennysheep_spiral_hall, layout_small_grid,
          mainiacjoe_overflow_catch_the_wave
D:10:     layout_irregular_city, lair_entry_dummy, minivault_28, uniq_gastronok
Temple:   mainiacjoe_temple_cubbyholes

Skill      XL: |  1  2  3  4  5  6  7  8  9 10 11 |
---------------+----------------------------------+-----
Axes           | 3 4 5 6 8 10 11 12 | 12.3
Fighting       | 4 5 6 7 8 9 |  9.2
Shields        | 4 5 6 7 9 |  9.4
Armour         | 4 5 6 7 8 9 |  9.3
Throwing       | 1 2 3 4 5 6 |  6.9
Invocations    | 2 4 5 |  5.0

Action                     |  1- 3 |  4- 6 |  7- 9 | 10-12 || total
---------------------------+-------+-------+-------+-------++-------
  Melee: War axe           |    62 |   123 |   229 |    19 ||   433
         Headbutt          |     6 |    18 |    57 |    29 ||   110
         Broad axe         |       |       |       |   149 ||   149
  Throw: Boomerang         |       |     7 |     6 |    22 ||    35
 Invoke: Heroism           |       |       |     1 |     3 ||     4
    Use: Scroll            |     1 |     2 |    18 |     6 ||    27
         Potion            |       |       |     3 |     4 ||     7
 Armour: Scale mail        |    48 |    61 |    24 |       ||   133
         Chain mail        |       |       |    83 |     5 ||    88
         Plate armour      |       |       |       |    61 ||    61
  Dodge: Dodged            |    31 |    55 |   135 |    65 ||   286
  Block: Buckler           |    21 |    19 |    60 |    78 ||   178
         Reflection        |       |       |       |     1 ||     1

Table legend: (Time is in decaauts)
 A = Elapsed time spent in this place.
 B = Non-inter-level travel time spent in this place.
 C = Inter-level travel time spent in this place.
 D = Time resting spent in this place.
 E = Time spent auto-exploring this place.
 F = Levels seen in this place.
 G = Mean time per level.
                   A        B        C        D        E       F      G
               +--------+--------+--------+--------+--------+-----+--------+
         Total |   9253 |   8999 |    254 |    728 |   5916 |  12 |  771.1 |
       Dungeon |   7925 |   7759 |    166 |    673 |   5074 |  10 |  792.5 |
        Temple |    259 |    171 |     88 |      0 |    161 |   1 |  259.0 |
         Sewer |   1068 |   1068 |      0 |     55 |    680 |   1 | 1068.0 |
               +--------+--------+--------+--------+--------+-----+--------+

Top non-repeatable levels by time:
     D:8: 1664 daAuts
     D:9: 1177 daAuts
   Sewer: 1068 daAuts
     D:7: 1025 daAuts
     D:2: 912 daAuts
     D:6: 734 daAuts
     D:4: 615 daAuts
     D:5: 584 daAuts
     D:1: 577 daAuts
     D:3: 402 daAuts
  Temple: 259 daAuts
    D:10: 233 daAuts
